 Dungeon Crawl Stone Soup version 0.16-a0-2179-gb75b79b (webtiles) character file.

12231 stonewall the Covert (level 11, 0/81 HPs)
             Began as a Mummy Assassin on Nov 13, 2014.
             Was a High Priest of Makhleb.
             Slain by an eight-headed hydra (4 damage)
             ... on level 3 of the Lair of Beasts on Nov 14, 2014.
             The game lasted 00:49:32 (15427 turns).

stonewall the Covert (Mummy Assassin)              Turns: 15427, Time: 00:49:33

Health: 0/81       AC: 12    Str: 15    XL:     11   Next: 59%
Magic:  11/11      EV:  2    Int: 10    God:    Makhleb [*****.]
Gold:   684        SH:  7    Dex: 15    Spells: 0 memorised, 10 levels left

rFire  x . .     SeeInvis .     w - +2 short sword (distort) {Faceroll you know ^_^ http://www.youtube.com/watch?v=QC6szBZMKM4}
rCold  + . .     Clarity  .     J - +0 shadow dragon armour
rNeg   + + +     SustAb   .     f - +0 shield
rPois  +         Gourm    .     (no helmet)
rElec  .         Spirit   .     d - +1 cloak
rCorr  .         Warding  .     (no gloves)
rMut   .         Stasis   .     (no boots)
MR     +....                    (no amulet)
Stlth  ++++++....               (no ring)
                                L - ring of poison resistance

@: somewhat resistant to hostile enchantments, very stealthy
A: no food or potions, fire vulnerability, restore body, cold resistance 1,
negative energy resistance 3, poison resistance, torment resistance, unbreathing
a: Minor Destruction, Lesser Servant of Makhleb, Major Destruction, Greater
Servant of Makhleb, Renounce Religion


You were on level 3 of the Lair of Beasts.
You worshipped Makhleb.
Makhleb was extremely pleased with you.
You were not hungry.

You visited 3 branches of the dungeon, and saw 14 of its levels.

You collected 684 gold pieces.

Inventory:

Hand weapons
 a - a +2 dagger
 b - a +0 blowgun
 r - a +0 scimitar
 w - a +2 short sword of distortion (weapon) {Faceroll you know ^_^ http://www.youtube.com/watch?v=QC6szBZMKM4}
 x - a +1 dagger of venom
 R - a +0 trident
Missiles
 e - 74 poisoned needles
 v - a throwing net
 y - 4 javelins (quivered)
Armour
 c - a +0 robe
 d - a +1 cloak (worn)
 f - a +0 shield (worn)
 o - a +0 leather armour
 C - a +0 robe of fire resistance
 D - a +2 leather armour of magic resistance
 J - a +0 shadow dragon armour (worn)
 N - a +0 buckler
Jewellery
 m - a -2 ring of intelligence
 L - a ring of poison resistance (left hand)
 Q - an uncursed ring of ice
Magical devices
 h - a wand of cold (0)
 p - a wand of flame (36)
 s - a wand of frost (45)
 u - a wand of confusion (33)
 F - a wand of slowing (11)
 G - a wand of confusion (14)
 M - a wand of fireball (3)
 O - a wand of teleportation (2)
Scrolls
 i - 7 scrolls of remove curse
 j - a scroll of teleportation
 k - 12 scrolls of identify
 l - 2 scrolls of enchant weapon {unknown}
 n - a scroll of immolation {unknown}
 z - 2 scrolls of magic mapping {unknown}
 A - 2 scrolls of noise {unknown}
 B - 2 scrolls of amnesia {unknown}
 E - a scroll of recharging
 H - 2 scrolls of blinking {unknown}
 I - a scroll of vulnerability
 K - a scroll of enchant armour
 P - 2 scrolls of random uselessness {unknown}
Books
 g - a Fen Folio

   Spells                             Type                      Level
   Corpse Rot                         Necromancy                   2
   Stone Arrow                        Conjuration/Earth            3
   Leda's Liquefaction                Hexes/Earth                  4
   Summon Forest                      Summoning/Translocation      5
   Hydra Form                         Transmutation                6
   Summon Hydra                       Summoning                    7
 q - a book of Frost

   Spells                             Type                      Level
   Freeze                             Ice                          1
   Throw Frost                        Conjuration/Ice              2
   Ozocubu's Armour                   Charms/Ice                   3
   Throw Icicle                       Conjuration/Ice              4
   Summon Ice Beast                   Ice/Summoning                4
   Condensation Shield                Ice                          4
 t - a book of Enchantments

   Spells                             Type                      Level
   Tukima's Dance                     Hexes                        3
   Cause Fear                         Hexes                        4
   Silence                            Hexes/Air                    5
   Deflect Missiles                   Charms/Air                   6
   Haste                              Charms                       6
   Discord                            Hexes                        8


   Skills:
 + Level 5.9 Fighting
 - Level 10.5 Short Blades
 - Level 1.8 Throwing
 + Level 4.6 Dodging
 - Level 11.0 Stealth


You had 10 spell levels left.
You didn't know any spells.

Dungeon Overview and Level Annotations

Branches:
Dungeon (10/15)            Temple (1/1) D:5            Lair (3/8) D:9
 Shoals (0/5) Lair:3
  Snake: Lair:3-6    Spider: Lair:3-6       Orc: D:9-12

Altars:
Ashenzari
Cheibriados
Dithmenos
Elyvilon
Fedhas
Gozag
Kikubaaqudgha
Makhleb
Nemelex Xobeh
Okawaru
Qazlal
Ru
Sif Muna
Trog
Vehumet
Xom
Yredelemnul
Zin
The Shining One

Annotations:
D:5 Prince Ribbit
Lair:3 exclusion: oklob plant
Abyss:1 Eustachio


Innate Abilities, Weirdness & Mutations

You do not eat or drink.
Your flesh is vulnerable to fire.
Your flesh is cold resistant.
You are immune to negative energy.
Your system is resistant to poisons.
You are immune to unholy pain and torment.
You can survive without breathing.


Message History

* * * LOW HITPOINT WARNING * * *
The blink frog blinks!
Your surroundings suddenly seem different.
You start resting.
An eight-headed hydra is nearby!
The eight-headed hydra roars!
You see here 14 sling bullets.
You start resting.
The eight-headed hydra bites you!
* * * LOW HITPOINT WARNING * * *
The eight-headed hydra bites you.
* * * LOW HITPOINT WARNING * * *
The eight-headed hydra bites you but does no damage.
The eight-headed hydra bites you!
* * * LOW HITPOINT WARNING * * *
The eight-headed hydra bites you but does no damage.
The eight-headed hydra bites you.
* * * LOW HITPOINT WARNING * * *
The eight-headed hydra bites you.
You die...

......#.##P#.##.................#
..F...#########...#P.#..........#
......# #.#######..#P##..##
......# ##.## #######..# .P.F##.#
#P..## ####..# ...# ## ##(..#
#.....# .#.### #..###### #.....##
.....## ####P.##.#.####...#..#
....#.######....@..##.#.......###
...........+.#.D#..##..........##
)...#.##.#.#.#.....##............
....#.#####......#............#.P
....### ##.....+..#.#.......###
....# #..#...#.P##........# ###.#
##..###..####.#....## ###
#.......# ######## ##.#P..##


You could see an eight-headed hydra.

Vanquished Creatures
  A harpy (Lair:3)
  A siren (Lair:3)
  A black mamba (Lair:3)
  4 spiny frogs
  2 komodo dragons
  A merfolk (Lair:3)
  A troll (D:9)
  The ghost of Vidiiot the Chopper, an average GrBe of Trog (D:3)
  A wyvern (D:8)
  A wraith (D:9)
  12 yaks
  2 hippogriffs
  3 water moccasins
  Edmund (D:8)
  Menkaure (D:4)
  7 porcupines
  2 black bears (D:9)
  An ice beast (D:7)
  A phantom (D:9)
  4 ogres
  3 orc warriors
  A centaur (D:7)
  2 sky beasts
  A necrophage (D:6)
  Sigmund (D:2)
  Duvessa (D:5)
  4 crocodiles
  A wyvern zombie (D:9)
  7 giant frogs
  A scorpion (D:4)
  5 killer bees (D:9)
  Dowan (D:5)
  A goliath beetle (D:6)
  A centaur zombie (D:5)
  6 orc priests
  2 centaur skeletons
  A crimson imp (D:7)
  4 worker ants
  2 yellow wasp zombies
  4 iguanas
  3 giant frog skeletons (D:5)
  2 hounds (D:7)
  11 orc wizards
  3 sheep (Lair:1)
  Terence (D:2)
  2 hound skeletons
  11 green rats
  13 adders
  4 gnolls (D:4)
  3 giant mites
  A shadow imp (D:9)
  4 worms
  4 giant geckos
  44 orcs
  2 ball pythons (D:4)
  16 bats
  3 giant cockroaches
  15 hobgoblins
  7 jackals
  8 quokkas
  2 giant newts
  2 giant spores
  11 goblins
  22 kobolds
  14 rats
  A ballistomycete (D:9)
306 creatures vanquished.

Vanquished Creatures (others)
  2 spiny frogs
  2 yaks
  An ogre (D:5)
  A phantom (D:7)
  An ice beast (D:5)
  A crocodile (Lair:3)
  A giant frog (Lair:3)
  A goliath beetle (D:9)
  A centaur zombie (D:7)
  An orc priest (D:4)
  2 orc wizards
  2 worker ants
  2 adders
  3 orcs
  A bat (D:3)
  A kobold (D:3)
  A fungus (Lair:3)
  A plant (Lair:3)
  4 toadstools (D:1)
29 creatures vanquished.

Grand Total: 335 creatures vanquished

Notes
Turn   | Place    | Note
--------------------------------------------------------------
     0 | D:1      | stonewall, the Mummy Assassin, began the quest for the Orb.
     0 | D:1      | Reached XP level 1. HP: 16/16 MP: 1/1
   245 | D:1      | Reached XP level 2. HP: 17/22 MP: 2/2
   825 | D:1      | Reached skill level 1 in Dodging
  1182 | D:2      | Reached XP level 3. HP: 20/27 MP: 3/3
  1258 | D:2      | Upgraded the game from 0.16-a0-2150-g7556756 to 0.16-a0-2179-gb75b79b
  1447 | D:2      | Noticed Terence
  1460 | D:2      | Killed Terence
  1460 | D:2      | Reached skill level 4 in Stealth
  1681 | D:2      | Reached XP level 4. HP: 33/33 MP: 4/4
  1742 | D:2      | Noticed Sigmund
  1765 | D:1      | HP: 1/33 [adder (3)]
  2394 | D:3      | Noticed a sky beast
  2419 | D:3      | Killed a sky beast
  2419 | D:3      | Reached XP level 5. HP: 19/38 MP: 5/5
  2734 | D:3      | Reached skill level 5 in Stealth
  2987 | D:4      | Reached XP level 6. HP: 11/44 MP: 6/6
  3227 | D:4      | Noticed Menkaure
  3241 | D:4      | Killed Menkaure
  3920 | D:4      | Reached XP level 7. HP: 29/50 MP: 7/7
  4321 | D:4      | Found a shattered altar of Ashenzari.
  4353 | D:4      | Found a stormy altar of Qazlal.
  4596 | D:4      | Found a deep blue altar of Sif Muna.
  4621 | D:5      | Entered Level 5 of the Dungeon
  4635 | D:5      | Noticed Duvessa
  4635 | D:5      | Noticed Dowan
  4651 | D:5      | Killed Duvessa
  4651 | D:5      | Reached skill level 6 in Stealth
  4655 | D:5      | Killed Dowan
  5203 | D:5      | Reached skill level 5 in Short Blades
  5479 | D:5      | Noticed Prince Ribbit
  5958 | D:5      | Reached XP level 8. HP: 45/56 MP: 8/8
  6027 | D:5      | Found a staircase to the Ecumenical Temple.
  6122 | Temple   | Entered the Ecumenical Temple
  6349 | Temple   | Became a worshipper of Makhleb the Destroyer
  6490 | D:5      | Found a sparkling altar of Nemelex Xobeh.
  6491 | D:5      | Found a sacrificial altar of Ru.
  7124 | D:5      | Found a white marble altar of Elyvilon.
  7282 | D:4      | Reached skill level 7 in Short Blades
  7500 | D:4      | Acquired Makhleb's first power
  7745 | D:3      | Noticed Vidiiot's ghost (average GrBe)
  7763 | D:3      | Killed Vidiiot's ghost
  7881 | D:3      | Found an opulent altar of Gozag.
  8339 | D:3      | Found a snail-covered altar of Cheibriados.
  8622 | D:2      | Killed Sigmund
  8622 | D:2      | Reached skill level 8 in Short Blades
  8774 | D:6      | Acquired Makhleb's second power
  8851 | D:6      | Noticed Eustachio
  8851 | D:6      | Reached XP level 9. HP: 49/61 MP: 9/9
  8861 | D:6      | Banished Eustachio
  9227 | D:7      | Reached skill level 9 in Short Blades
  9323 | D:7      | Found a shadowy altar of Dithmenos.
  9376 | D:7      | Found a glowing silver altar of Zin.
  9695 | D:7      | Found a glowing golden altar of the Shining One.
  9700 | D:7      | Acquired Makhleb's third power
  9878 | D:7      | Reached skill level 10 in Short Blades
 10099 | D:8      | Noticed Edmund
 10107 | D:8      | Killed Edmund
 10894 | D:9      | Reached XP level 10. HP: 59/70 MP: 10/10
 10979 | D:9      | Acquired Makhleb's fourth power
 11327 | D:9      | Found a staircase to the Lair.
 11432 | D:9      | Reached skill level 5 in Fighting
 11809 | D:9      | Found a radiant altar of Vehumet.
 11913 | D:10     | Entered Level 10 of the Dungeon
 11933 | Lair:1   | Entered Level 1 of the Lair of Beasts
 12465 | Lair:1   | Acquired Makhleb's fifth power
 12531 | Lair:1   | Reached XP level 11. HP: 81/81 MP: 11/11
 12858 | Lair:1   | Noticed a black mamba
 13981 | Lair:3   | Reached skill level 10 in Stealth
 14155 | Lair:3   | Noticed an eight-headed hydra
 14631 | Lair:3   | Found a staircase to the Shoals.
 15185 | Lair:3   | Reached skill level 11 in Stealth
 15427 | Lair:3   | HP: 4/81 [eight-headed hydra (3)]
 15427 | Lair:3   | Slain by an eight-headed hydra

Action                   |  1- 3 |  4- 6 |  7- 9 | 10-12 || total
-------------------------+-------+-------+-------+-------++-------
Melee: Dagger            |   111 |   127 |    81 |       ||   319
       Blowgun           |       |     1 |       |       ||     1
       Short sword       |       |       |   456 |   478 ||   934
 Fire: Blowgun           |     8 |    50 |    21 |       ||    79
Throw: Javelin           |       |     8 |    12 |     1 ||    21
       Throwing net      |       |       |     1 |       ||     1
Evoke: Wand              |       |       |     3 |     2 ||     5
  Use: Scroll            |       |     2 |     5 |     6 ||    13
 Stab: Sleeping          |     8 |     3 |    15 |    19 ||    45
       Distracted        |       |       |     2 |     5 ||     7
